 Dungeon Crawl Stone Soup version 0.30.1-11-g7821555f0a (webtiles) character file.

Game seed: 5102969953853987325

25 Kagerus the Digger (level 3, -2/19 HPs)
             Began as a Gargoyle Earth Elementalist on Nov 7, 2023.
             Slain by a gnoll
             ... wielding a +0 spear
              (6 damage)
             ... on level 2 of the Dungeon.
             The game lasted 00:02:38 (1047 turns).

Kagerus the Digger (Gargoyle Earth Elementalist)    Turns: 1047, Time: 00:02:38

Health: -2/19      AC:  5    Str: 11    XL:     3   Next: 6%
Magic:  7/7        EV: 11    Int: 17    God:
Gold:   81         SH:  0    Dex: 10    Spells: 6/7 levels left

rFire   . . .        f - +0 mace
rCold   . . .        (no shield)
rNeg    + . .        a - +0 robe
rPois   ∞            (no helmet)
rElec   +            (no cloak)
rCorr   .            (no gloves)
SInv    .            (no boots)
Will    .....        (no amulet)
Stlth   ++           (no ring)
HPRegen 0.23/turn    (no ring)
MPRegen 0.10/turn

%: no passive effects
@: no status effects
A: sickness immunity, AC +3, negative energy resistance 1, electricity
resistance, torment resistance 1, petrification resistance
a: no special abilities


You were on level 2 of the Dungeon.
You visited 1 branch of the dungeon, and saw 2 of its levels.

You collected 81 gold pieces.

Inventory:

Hand Weapons
 f - a +0 mace (weapon)
Armour
 a - a +0 robe (worn)
Magical Staves
 h - a staff of poison
Jewellery
 d - an amulet of the acrobat
Potions
 b - a potion of magic
 c - a potion of curing
 i - a potion of lignification


   Skills:
 - Level 1.5 Dodging
 - Level 2.1 Stealth
 + Level 2.6 Spellcasting
 - Level 0.7 Transmutations
 + Level 4.3 Earth Magic


You had 6 spell levels left.
You knew the following spells:

 Your Spells              Type           Power      Damage    Failure   Level
a - Sandblast             Erth           34%        2d9       3%          1

Your spell library contained the following spells:

 Spells                   Type           Power      Damage    Failure   Level
 Passwall                 Tmut/Erth      8%         N/A       10%         2
 Stone Arrow              Conj/Erth      18%        3d8       22%         3
 Petrify                  Tmut/Erth      10%        N/A       54%         4


Dungeon Overview and Level Annotations

Branches:
Dungeon (2/15)

Altars:


Innate Abilities, Weirdness & Mutations

You are immune to sickness and miasma.
Your stone body is resilient. (AC +3)
You are immune to poison.
You resist negative energy. (rN+)
You are resistant to electric shocks. (rElec)
You are resistant to unholy torment.
You are immune to petrification.


Message History

You see here a yellow potion.
Found a scroll labelled ENICKE FEKHLAR.
Found 12 gold pieces.
The helpless endoplasm fails to defend itself.
You hit the endoplasm.
The endoplasm is lightly wounded.
The endoplasm closely misses you.
You hit the endoplasm.
The endoplasm is heavily wounded.
The endoplasm hits you. The endoplasm barely misses you.
You hit the endoplasm.
You kill the endoplasm!
No target in view!
i - a yellow potion
Found a robe.
j - a scroll labelled ENICKE FEKHLAR You now have 79 gold pieces (gained 12).
You now have 81 gold pieces (gained 2).
As you read the scroll labelled AFODAJEWUA, it crumbles to dust.
It is a scroll of identify.
c - 2 potions of curing
As you read the scroll of identify, it crumbles to dust.
i - a potion of lignification
As you read the scroll labelled VEEWIH LYEMA, it crumbles to dust.
You feel strangely unstable.
It was a scroll of teleportation.
Your surroundings suddenly seem different. 4 gnolls come into view.
Found 9 gold pieces and a trident.
The gnoll shouts! x3
The gnoll hits you with a +0 whip. The gnoll hits you with a +0 spear.
As you read the scroll labelled ENICKE FEKHLAR, it crumbles to dust.
You feel aware of your surroundings.
It was a scroll of magic mapping.
The gnoll hits you with a +0 whip!
* * * LOW HITPOINT WARNING * * *
The gnoll hits you with a +0 spear.
* * * LOW HITPOINT WARNING * * *
You feel better. The gnoll hits you with a +0 whip. x2
* * * LOW HITPOINT WARNING * * *
The gnoll hits you with a +0 spear.
You die...

***,** ************##
* *,,*********,,,,,.#
* **,,,,,,,,,*,****.#
* *********,*,#,**.# *
*,,,#.**.# *
############.,#.##.###
#............,#.......
#..)gg.......,,,#<#,,,
#..gg@.......,*,###,**
#############,,,,,*,*#
*********,***,*#
***,,,,,,**,,**,*#
*,,,,,,,,+,,,.,,*#
*,*,,,,,,****#.,*#
*,*,,,,,,,,,,,..##
*,*,,,,,,,****....
*,*,,,,,,.####+###


You could see 4 gnolls.

Vanquished Creatures
  An adder (D:2)
  3 ball pythons (D:1)
  2 endoplasms
  A giant cockroach (D:1)
  3 goblins (D:1)
  A hobgoblin (D:1)
  3 kobolds (D:1)
  2 rats (D:1)
16 creatures vanquished.

Notes
Turn   | Place    | Note
-------+----------+-------------------------------------------
     0 | D:1      | Kagerus the Gargoyle Earth Elementalist began the quest for
                  | the Orb.
     0 | D:1      | Reached XP level 1. HP: 10/10 MP: 3/3
   457 | D:1      | Reached XP level 2. HP: 15/15 MP: 5/5
   489 | D:1      | Reached skill level 4 in Earth Magic
   641 | D:1      | You fall into a shaft and drop 1 floor!
   847 | D:1      | Reached XP level 3. HP: 19/19 MP: 1/6
  1047 | D:2      | Slain by a gnoll

Illustrated notes

Levels and vault maps discovered:
D:1:      dpeg_arrival_orchard, layout_loops_corners, dk_noncrumbling_2
D:2:      layout_basic

Skill      XL: |  1  2 |
---------------+-------+-----
Earth Magic    | 4 |  4.3
Dodging        | |  1.5
Stealth        | |  2.1
Spellcasting   | |  2.6
Transmutations | |  0.7

Action                     || total
---------------------------++-------
  Melee: Mace              ||    20
   Cast: Sandblast         ||    14
    Use: Scroll            ||     4
         Potion            ||     1
   Stab: Sleeping          ||     4
 Armour: Robe              ||     6
  Dodge: Dodged            ||    16
